 Dungeon Crawl Stone Soup version 0.23-a0-629-gae4348f (webtiles) character file.

1621775 zkyp the Slayer (level 27, 196/196 HPs)
             Began as a Kobold Wanderer on Dec 26, 2018.
             Was the Champion of Okawaru.
             Escaped with the Orb
             ... and 3 runes on Dec 27, 2018!
             The game lasted 02:50:46 (80381 turns).

zkyp the Slayer (Kobold Wanderer)                  Turns: 80381, Time: 02:50:47

Health: 196/196    AC: 41    Str: 19    XL:     27
Magic:  33/35      EV: 44    Int: 14    God:    Okawaru [******]
Gold:   1820       SH: 19    Dex: 32    Spells: 26/26 levels left

rFire    + + +     SeeInvis .   a - +9 demon blade (vamp)
rCold    + + .     Gourm    .   L - +0 shield of the Leaf {MR- Regen+ Dex+6}
rNeg     + . .     Faith    .   Z - +4 pearl dragon scales
rPois    +         Spirit   +   F - +2 hat {MR+}
rElec    .         Reflect  .   x - +2 cloak
rCorr    .         Harm     .   E - +2 pair of gloves
MR       ++...     NoTele   +   o - +1 pair of boots {run}
Stlth    ++........             P - amulet of Lotoowk {Spirit *Contam rPois rF++ rC+}
HPRegen  0.82/turn              l - ring of Sin {-Tele rF+ rC+ Str+5 Dex+2}
MPRegen  0.24/turn              v - +5 ring of evasion

@: heroism, quick
A: small, hooves 1, molten scales 1, blurry vision 1, carnivore, strong 1,
teleportitis 1
0: Orb of Zot
}: 3/15 runes: serpentine, barnacled, silver
a: Heroism, Finesse, Renounce Religion


You escaped.
You worshipped Okawaru.
Okawaru was exalted by your worship.
You were full.

You visited 10 branches of the dungeon, and saw 50 of its levels.
You visited the Abyss 2 times.
You visited 1 bazaar.
You also visited: Trove, Bailey and Ice Cave.

You collected 8322 gold pieces.
You spent 6502 gold pieces at shops.

Inventory:

Hand Weapons
 a - a +9 vampiric demon blade (weapon)
 g - the +10 dark maul {crush}
   (You found it on level 4 of the Depths)

   It inflicts extra damage upon your enemies.
Missiles
 k - 6 throwing nets {=f =F}
Armour
 n - a +14 crystal plate armour
 o - a +1 pair of boots of running (worn)
 x - a +2 cloak (worn)
 E - a +2 pair of gloves (worn)
 F - a +2 hat of magic resistance (worn)
 L - the +0 shield of the Leaf (worn) {MR- Regen+ Dex+6}
   (You took it off Asterion on level 1 of the Snake Pit)

   It affects your dexterity (+6).
   It affects your resistance to hostile enchantments.
   It increases your rate of regeneration.
 Y - a +2 pair of boots of flying
 Z - +4 pearl dragon scales (worn)
Jewellery
 l - the ring of Sin (left hand) {-Tele rF+ rC+ Str+5 Dex+2}
   (You took it off a tengu reaver on level 5 of the Vaults)

   [ring of protection from cold]

   It affects your strength (+5).
   It affects your dexterity (+2).
   It protects you from fire.
   It protects you from cold.
   It prevents most forms of teleportation.
 s - the ring "Luvo" {rN+ Stlth+}
   (You acquired it on level 1 of the Elven Halls)

   [ring of positive energy]

   It protects you from negative energy.
   It makes you more stealthy.
 t - the ring of Gusop {rElec rC- rN+ Int+5}
   (You took it off an ogre mage on level 5 of the Vaults)

   [ring of positive energy]

   It affects your intelligence (+5).
   It makes you vulnerable to cold.
   It insulates you from electricity.
   It protects you from negative energy.
 v - a +5 ring of evasion (right hand)
 C - the ring of Imuish {+Blink rC+ Str+2}
   (You found it on level 8 of the Dungeon)

   [ring of protection from cold]

   It affects your strength (+2).
   It protects you from cold.
   It lets you blink.
 P - the amulet of Lotoowk (around neck) {Spirit *Contam rPois rF++ rC+}
   (You acquired it on level 2 of the Shoals)

   [amulet of guardian spirit]

   It causes incoming damage to be split between your health and magic.
   It greatly protects you from fire.
   It protects you from cold.
   It protects you from poison.
   It causes magical contamination when unequipped.
 T - the ring of the Lumpy Stories {+Fly Str+9 Int+6 Dex-4}
   (You took it off an orc warrior on level 3 of the Elven Halls)

   [ring of flight]

   It affects your strength (+9).
   It affects your intelligence (+6).
   It affects your dexterity (-4).
   It lets you fly.
 U - the ring "Gempyud" {MR+ Str+5 Int+7 Dex-3}
   (You found it on level 4 of the Lair of Beasts)

   [ring of protection from magic]

   It affects your strength (+5).
   It affects your intelligence (+7).
   It affects your dexterity (-3).
   It affects your resistance to hostile enchantments.
 V - the ring of Hyrrujos {rElec rC++ rN+ Int+4 Dex-3}
   (You found it on level 4 of the Depths)

   [ring of intelligence]

   It affects your intelligence (+4).
   It affects your dexterity (-3).
   It greatly protects you from cold.
   It insulates you from electricity.
   It protects you from negative energy.
Wands
 q - a wand of paralysis (10)
 r - a wand of digging (8)
 y - a wand of acid (41)
Scrolls
 c - 6 scrolls of teleportation
 j - 3 scrolls of silence {!r}
 p - 4 scrolls of fog
 u - 10 scrolls of magic mapping
 w - 13 scrolls of fear
 H - 15 scrolls of remove curse {@r1}
 J - a scroll of summoning
 N - 10 scrolls of blinking
 O - 15 scrolls of identify {@r2}
Potions
 b - 11 potions of curing {@q1}
 d - 3 potions of agility
 e - 2 potions of mutation {!q}
 h - 3 potions of cancellation
 m - 7 potions of haste
 z - 3 potions of ambrosia
 A - 3 potions of magic
 D - 5 potions of resistance
 I - 2 potions of heal wounds
 M - 4 potions of might
Miscellaneous
 B - 3 phantom mirrors
 S - a lamp of fire
Comestibles
 f - 67 rations


   Skills:
 + Level 26.0(27) Fighting
   Level 14.0(22.9) Short Blades
 - Level 12.9(19.0) Long Blades
 + Level 20.8(25.8) Armour
 - Level 22.0(27) Dodging
 - Level 4.0(9.0) Stealth
 - Level 16.0(21.0) Shields
 - Level 16.0 Invocations
 - Level 5.3 Evocations


You had 26 spell levels left.
You didn't know any spells.
Your spell library contained the following spells:

 Spells                   Type           Power        Failure   Level  Hunger
 Animate Skeleton         Necr           N/A          45%         1    ##.....
 Apportation              Tloc           #.....       45%         1    ##.....
 Confusing Touch          Hex            #.....       45%         1    ##.....
 Corona                   Hex            #......      45%         1    ##.....
 Freeze                   Ice            #...         45%         1    ##.....
 Magic Dart               Conj           #...         45%         1    ##.....
 Shock                    Conj/Air       #...         45%         1    ##.....
 Sting                    Conj/Pois      #...         45%         1    ##.....
 Summon Butterflies       Summ           #.......     45%         1    ##.....
 Summon Small Mammal      Summ           #...         45%         1    ##.....
 Blink                    Tloc           N/A          61%         2    ###....
 Call Imp                 Summ           #.......     61%         2    ###....
 Corpse Rot               Necr           N/A          61%         2    ###....
 Ensorcelled Hibernation  Hex/Ice        #.....       61%         2    ###....
 Passwall                 Tmut/Erth      #.......     61%         2    ###....
 Poisonous Vapours        Pois/Air       #.....       61%         2    ###....
 Searing Ray              Conj           #.....       61%         2    ###....
 Slow                     Hex            #.......     61%         2    ###....
 Sublimation of Blood     Necr           #.........   61%         2    ###....
 Swiftness                Chrm/Air       #.......     61%         2    ###....
 Throw Frost              Conj/Ice       #.....       61%         2    ###....
 Call Canine Familiar     Summ           #.......     83%         3    ####...
 Confuse                  Hex            #.......     83%         3    ####...
 Conjure Flame            Conj/Fire      #.......     83%         3    ####...
 Dazzling Spray           Conj/Hex       #.....       83%         3    ####...
 Gell's Gravitas          Tloc           #.........   83%         3    ####...
 Ignite Poison            Fire/Tmut/Pois #.......     83%         3    ####...
 Inner Flame              Hex/Fire       #.......     83%         3    ####...
 Lesser Beckoning         Tloc           #.........   83%         3    ####...
 Mephitic Cloud           Conj/Pois/Air  #.......     83%         3    ####...
 Ozocubu's Armour         Chrm/Ice       #.......     83%         3    ####...
 Portal Projectile        Hex/Tloc       #.....       83%         3    ####...
 Regeneration             Chrm/Necr      #.........   83%         3    ####...
 Spectral Weapon          Hex/Chrm       #.......     83%         3    ####...
 Summon Guardian Golem    Hex/Summ       #.......     83%         3    ####...
 Tukima's Dance           Hex            #.......     83%         3    ####...
 Animate Dead             Necr           N/A          99%         4    #####..
 Cause Fear               Hex            #.........   99%         4    #####..
 Force Lance              Conj/Tloc      #.......     99%         4    #####..
 Fulminant Prism          Conj/Hex       #.........   99%         4    #####..
 Iskenderun's Mystic Bla  Conj           #.......     99%         4    #####..
 Leda's Liquefaction      Hex/Erth       #.........   99%         4    #####..
 Olgreb's Toxic Radiance  Pois           #.......     99%         4    #####..
 Petrify                  Tmut/Erth      #.......     99%         4    #####..
 Summon Ice Beast         Ice/Summ       #.......     99%         4    #####..
 Throw Icicle             Conj/Ice       #.......     99%         4    #####..
 Agony                    Necr           #.......     100%        5    ######.
 Alistair's Intoxication  Tmut/Pois      #.......     100%        5    ######.
 Blade Hands              Tmut           #.........   100%        5    ######.
 Bolt of Draining         Conj/Necr      #.........   100%        5    ######.
 Bolt of Magma            Conj/Fire/Erth #.........   100%        5    ######.
 Borgnjor's Vile Clutch   Necr/Erth      #.........   100%        5    ######.
 Dispel Undead            Necr           #.......     100%        5    ######.
 Excruciating Wounds      Chrm/Necr      #.........   100%        5    ######.
 Irradiate                Conj/Tmut      #.........   100%        5    ######.
 Iskenderun's Battlesphe  Conj/Chrm      #.......     100%        5    ######.
 Lee's Rapid Deconstruct  Erth           #.........   100%        5    ######.
 Metabolic Englaciation   Hex/Ice        #.........   100%        5    ######.
 Summon Mana Viper        Hex/Summ       #.......     100%        5    ######.
 Venom Bolt               Conj/Pois      #.........   100%        5    ######.
 Yara's Violent Unravell  Hex/Tmut       #.........   100%        5    ######.
 Darkness                 Hex            #.........   100%        6    #######
 Invisibility             Hex            #.......     100%        6    #######
 Iron Shot                Conj/Erth      #.........   100%        6    #######
 Orb of Destruction       Conj           #.........   100%        7    #######
 Ring of Flames           Chrm/Fire      #.........   100%        7    #######
 Spellforged Servitor     Conj/Summ      #.........   100%        7    #######
 Summon Hydra             Summ           #.........   100%        7    #######
 Passage of Golubria      Tloc           Unusable     N/A         4    N/A

Dungeon Overview and Level Annotations

Branches:
Dungeon (15/15)            Temple (1/1) D:4            Lair (6/6) D:10
 Shoals (4/4) Lair:2        Snake (4/4) Lair:3        Slime (0/5) Lair:5
    Orc (2/2) D:9             Elf (3/3) Orc:2        Vaults (5/5) D:14
  Crypt (0/3) Vaults:2     Depths (5/5) D:15            Zot (5/5) Depths:5

Altars:
Ashenzari
Cheibriados
Fedhas
Gozag
Hepliaklqana
Kikubaaqudgha
Makhleb
Okawaru
Qazlal
Ru
Sif Muna
Trog
Uskayaw
Vehumet
Wu Jian
Xom
Yredelemnul
Zin
Jiyva

Shops:
D:5 ?   Orc:1 =   Orc:2 }}[[   Shoals:2 *   Snake:1 (   Snake:4 [
Vaults:4 }*(   Depths:1 :   Depths:3 }=}   Depths:5 =![

Portals:
Hell: Depths:1 Depths:2 Depths:3 Depths:4 Depths:5
Abyss: Depths:2 Depths:3 Depths:4
Pandemonium: Depths:1 Depths:3 Depths:5
Ziggurat: Depths:4

Annotations:
D:9 exclusion: statue
Shoals:1 exclusion: Roxanne, Roxanne
Orc:2 2 runed doors, exclusion: orange crystal statue
Elf:2 3 runed doors, 1 exclusion


Innate Abilities, Weirdness & Mutations

You are small and have problems with some larger weapons.
You are carnivorous and can eat meat at any time.
You have large cloven feet.
You are partially covered in molten scales. (AC +2)
Scrolls take you a little longer to read.
Your muscles are strong. (Str +2)
You are occasionally teleported next to monsters.


Message History

You feel extremely strange.
Your magical essence is no longer linked to your wands.
You no longer feel jittery.
You feel weirdly uncertain.
You feel clumsy.
You feel frail.
You feel your magical essence link to your wands.
Really quaff
e - 4 potions of mutation {!q}?
You feel extremely strange.
Your magical essence is no longer linked to your wands.
Your body's shape seems more normal.
Nature stops experimenting on you.
Your feet thicken and deform.
You feel stronger.
Your body twists and deforms.
You feel a strange attunement to the structure of the dungeons.
Really quaff
e - 3 potions of mutation {!q}?
You feel extremely strange.
You feel agile.
You feel slightly disoriented.
You feel less resistant to hostile enchantments.
Your body's shape seems more normal.
You feel less repulsive.
Your vision blurs.
Molten scales grow over part of your body.
You gain the combat prowess of a mighty hero.
You have escaped!

....##.#...# #########
.....#.#...# #####.......##
.......+...# #...+.......'#
.###...#...########.###......†##
>###>.................########.#
...#..############.##.# #....#
.#.#..#....#.....#....# #.##.#
.#.####.##.#.....###..# #.##.##
...#.......'..8.@# #..# #.##...
.#...##.####.....#
#..#####.#####
.#.####....#.....# #......#.#
.#...#####.#######
#......#.##### .###.# #.#
#......#.....# .# #.#####.###
#.....)#####.# ## #.........#
#####.####....#.# #.........#
##.....# #.##.#.#
#.........###..########.#....#


There were no monsters in sight!

Vanquished Creatures
  3 orbs of fire
  2 ancient liches
  A juggernaut (Depths:4)
  A pandemonium lord (D:11)
  7 curse toes
  Boris (Depths:4)
  Xtahua (Vaults:3)
  3 Killer Klowns (Zot:5)
  10 caustic shrikes
  Saint Roka (Elf:3)
  10 golden dragons
  Nikola (Elf:1)
  3 bone dragons
  A Tzitzimitl (Depths:4)
  An electric golem (Zot:5)
  2 liches
  22 tentacled monstrosities
  25 Orb Guardians
  The ghost of Potteusyxu the Hoplite, an adept MiBe of Trog (Snake:3)
  8 quicksilver dragons
  The ghost of DEFE the Cardsharp, an adept DrFi of Nemelex Xobeh (Vaults:1)
  Asterion (Snake:1)
  2 titans
  A deep elf blademaster (Elf:3)
  3 deep elf master archers (Elf:3)
  7 sphinxes
  2 krakens (Shoals:3)
  8 death cobs
  A tentacled starspawn (Abyss:4)
  An Executioner (Abyss:3)
  8 shadow dragons
  4 draconian monks
  8 nagarajas (Snake:4)
  13 storm dragons
  10 fire giants
  11 tengu reavers
  The ghost of Nr616 the Impaler, a journeyman MiBe of Trog (D:14)
  7 deep elf sorcerers
  2 ghost moths
  3 draconian knights
  A draconian scorcher (Zot:4)
  18 vault wardens
  4 frost giants
  2 iron dragons (Vaults:4)
  A juggernaut zombie (Depths:3)
  A caustic shrike zombie (Depths:3)
  4 draconian annihilators
  An orc warlord (Bailey)
  2 draconian stormcallers (Zot:5)
  14 deep elf elementalists
  3 cacodemons (Vaults:1)
  20 very ugly things
  3 draconian shifters
  6 spriggan defenders
  6 war gargoyles
  3 entropy weavers
  13 ironheart preservers
  A vampire knight (Depths:1)
  4 deep elf demonologists
  7 green draconians
  17 stone giants
  A minotaur (D:14)
  9 black draconians
  12 red draconians
  Azrael (Lair:3)
  2 minotaurs (shapeshifter)
  8 deep elf annihilators
  5 purple draconians
  2 merfolk javelineers (Shoals:4)
  6 ettins
  7 white draconians
  9 spark wasps
  11 yellow draconians
  The ghost of Ukkirph the Unseen, a journeyman FeAr of Ru (Snake:3)
  4 deep elf death magi
  Snorg (D:9)
  10 merfolk impalers
  2 jiangshi (Depths:2)
  5 fire dragons
  27 ogre magi
  7 great orbs of eyes
  21 naga warriors
  16 yaktaur captains
  5 large abominations
  3 deep elf high priests
  7 hydras
  7 ice dragons
  37 vault guards
  4 rakshasas
  7 centaur warriors
  5 merfolk avatars
  An anaconda (shapeshifter) (Vaults:1)
  A spriggan air mage (Depths:2)
  3 death knights
  89 two-headed ogres
  5 merfolk aquamancers
  5 anacondas
  2 satyrs (Shoals:4)
  3 death yaks (D:10)
  A deep troll earth mage (Vaults:2)
  A queen ant (Lair:5)
  13 dancing weapons
  10 deep troll shamans
  A vampire mage (Depths:2)
  2 hell hogs (Depths:4)
  7 naga sharpshooters
  A thrashing horror (Abyss:3)
  5 shock serpents
  7 spriggan berserkers
  8 small abominations
  Nergalle (D:12)
  A soul eater (Zot:2)
  A wretched star (Abyss:4)
  A sixfirhy (Zot:4)
  17 deep elf knights
  5 skeletal warriors
  A salamander mystic (Depths:2)
  3 shadow wraiths
  4 iron trolls
  A spatial maelstrom (Abyss:4)
  4 spriggan druids (Depths:1)
  2 flayed ghosts
  10 deep trolls
  13 sea snakes
  4 glowing orange brains
  A swamp dragon (shapeshifter) (Depths:4)
  A kraken simulacrum (Shoals:4)
  2 shadow demons
  5 unseen horrors
  2 deep trolls (shapeshifter)
  A sea snake (shapeshifter) (Depths:2)
  9 ironbrand convokers
  6 wizards
  8 deep elf archers
  4 naga ritualists
  2 phantasmal warriors
  20 harpies
  6 mana vipers
  3 necromancers
  10 orc knights
  6 cyclopes
  2 orc sorcerers
  56 deep elf magi
  A faun (Shoals:1)
  A salamander (shapeshifter) (Depths:1)
  A wolf spider zombie (D:15)
  A frost giant zombie (Depths:3)
  A manticore (shapeshifter) (Elf:2)
  A sphinx skeleton (Depths:3)
  13 salamanders
  3 wolf spiders
  12 manticores
  37 ugly things
  Joseph (D:10)
  A guardian serpent (shapeshifter) (Vaults:5)
  2 centaur zombies
  2 worldbinders
  25 black mambas
  11 elephants
  21 moths of wrath
  3 ice statues
  A toenail golem (D:11)
  8 water nymphs
  7 merfolk sirens
  A black mamba (shapeshifter) (Abyss:3)
  An apocalypse crab (Abyss:4)
  10 guardian serpents
  22 naga magi
  8 vault sentinels
  A torpor snail (shapeshifter) (Vaults:2)
  2 gargoyles (D:12)
  5 spiny frogs
  8 rime drakes
  5 smoke demons
  6 freezing wraiths
  6 ice devils (IceCv)
  2 kobold demonologists (D:12)
  67 yaktaurs
  A komodo dragon (shapeshifter) (Depths:2)
  6 komodo dragons
  A tormentor (Depths:2)
  An ancient zyme (Abyss:4)
  A yaktaur skeleton (Vaults:3)
  33 merfolk
  4 polar bears
  3 hellwings (Depths:4)
  2 tengu conjurers (Depths:2)
  A queen bee (shapeshifter) (Elf:1)
  16 hornets
  Grinder (D:6)
  4 wind drakes
  A polar bear (shapeshifter) (Vaults:4)
  A hornet (shapeshifter) (Vaults:4)
  3 meliai (shapeshifter)
  6 trolls
  3 raiju (Abyss:3)
  16 blink frogs
  A stone giant simulacrum (Vaults:3)
  31 slime creatures
  23 hippogriffs
  13 dream sheep
  9 snapping turtles
  Sigmund (D:6)
  An air elemental (Elf:1)
  A meliai zombie (D:12)
  A centaur simulacrum (D:14)
  90 yaks
  A ynoxinul (Abyss:4)
  2 shadows (D:11)
  6 wraiths
  A spriggan (shapeshifter) (Depths:4)
  31 spriggans
  2 redbacks (Vaults:2)
  5 wyverns (Lair:6)
  A yak (shapeshifter) (Depths:4)
  A hog (shapeshifter) (Vaults:1)
  A tarantella (Vaults:2)
  2 vampires
  21 water elementals
  2 neqoxecs
  Grum (D:10)
  3 hungry ghosts
  10 fire elementals
  A golden eye (shapeshifter) (Vaults:1)
  7 basilisks
  5 vampire mosquitoes (D:14)
  3 chaos spawn (Depths:3)
  A steam dragon (shapeshifter) (Depths:2)
  A warg (shapeshifter) (Elf:1)
  4 wargs
  4 acid dragons
  A soldier ant (shapeshifter) (Vaults:1)
  56 nagas
  An acid dragon (shapeshifter) (Vaults:5)
  5 soldier ants (Lair:6)
  A spatial vortex (Abyss:4)
  A floating eye (shapeshifter) (Vaults:2)
  15 hell hounds
  5 porcupines
  15 water moccasins
  37 orc warriors
  3 sky beasts
  3 eyes of draining (shapeshifter)
  A black bear (shapeshifter) (Vaults:1)
  7 black bears
  13 ice beasts
  A human zombie (Vaults:3)
  A tengu (shapeshifter) (Vaults:1)
  A necrophage (D:11)
  2 phantoms
  17 boggarts
  21 wolves
  11 centaurs
  62 ogres
  A centaur (shapeshifter) (Vaults:1)
  8 crocodiles
  6 big kobolds
  3 earth elementals
  14 bullfrogs
  A gnoll sergeant (Orc:1)
  2 wyvern zombies (D:12)
  A hornet simulacrum (D:14)
  2 wyvern skeletons (D:12)
  5 scorpions
  10 killer bees
  10 wights
  4 howler monkeys
  2 electric eels (D:12)
  8 crimson imps
  A human simulacrum (Vaults:2)
  A quasit (D:6)
  17 orc priests
  5 hounds
  3 jellies
  2 bullfrog skeletons
  2 centaur skeletons
  3 iron imps
  Jessica (D:2)
  2 iguanas (D:7)
  26 orc wizards
  20 worker ants
  3 yak simulacra (Lair:4)
  3 polar bear simulacra (Lair:4)
  4 wolf simulacra (Lair:4)
  A killer bee zombie (D:6)
  A hound skeleton (D:11)
  A howler monkey zombie (D:11)
  A worker ant zombie (D:7)
  19 gnolls
  2 howler monkey skeletons
  18 adders
  7 shadow imps
  7 white imps (IceCv)
  7 ufetubi (IceCv)
  An ooze (D:2)
  An adder skeleton (D:9)
  3 worms (D:3)
  A dart slug (D:2)
  2 leopard geckos
  106 orcs
  5 giant cockroaches
  19 goblins
  23 hobgoblins
  11 jackals
  A jackal (shapeshifter) (Vaults:1)
  28 kobolds
  6 quokkas
  11 bats
  6 frilled lizards
  3 rats
  A river rat simulacrum (Lair:4)
  4 crawling corpses
  A fire vortex (Depths:1)
  2 starspawn tentacles (Abyss:4)
  9 tentacles
2394 creatures vanquished.

Vanquished Creatures (others)
  A nagaraja (Snake:4)
  A draconian knight (Zot:5)
  A fire giant (Vaults:3)
  A stone giant (Vaults:4)
  A reaper (IceCv)
  A spark wasp (Depths:3)
  2 deep elf high priests (Elf:3)
  A two-headed ogre (Vaults:4)
  3 deep elf knights
  A naga sharpshooter (Snake:4)
  A harpy (Vaults:5)
  A deep elf mage (Elf:1)
  A naga (shapeshifter) (Vaults:1)
  2 nagas
  2 ogres
  A jelly (D:14)
  3 white imps (IceCv)
  6 ufetubi (IceCv)
  A crawling corpse (Elf:3)
  14 fungi
  A lurking horror (Abyss:3)
  9 plants
  6 starspawn tentacles (Abyss:4)
  10 tentacles
  6 withered plants (Snake:3)
77 creatures vanquished.

Grand Total: 2471 creatures vanquished

Notes
Turn   | Place    | Note
-------+----------+-------------------------------------------
     0 | D:1      | zkyp the Kobold Wanderer began the quest for the Orb.
     0 | D:1      | zkyp set off with the following items: a +2 falchion, a
                  | potion of lignification, a scroll of teleportation, a +0
                  | robe, a +0 dagger, a ration
     0 | D:1      | Reached XP level 1. HP: 14/14 MP: 1/1
    88 | D:1      | Reached XP level 2. HP: 15/19 MP: 2/2
   760 | D:1      | Reached XP level 3. HP: 8/23 MP: 3/3
  1761 | D:2      | Reached XP level 4. HP: 13/28 MP: 4/4
  1933 | D:2      | Found an ancient bone altar of Kikubaaqudgha.
  1943 | D:2      | Noticed Jessica
  1945 | D:2      | Killed Jessica
  1945 | D:2      | Reached skill level 5 in Short Blades
  2225 | D:3      | Reached XP level 5. HP: 32/32 MP: 5/5
  2612 | D:3      | Found a snail-covered altar of Cheibriados.
  2728 | D:3      | Found a faded altar of an unknown god.
  2968 | D:4      | Reached XP level 6. HP: 33/37 MP: 6/6
  3034 | D:4      | Noticed an ogre
  3045 | D:4      | Killed an ogre
  3181 | D:4      | Got a pitted war axe
  3202 | D:4      | Found a staircase to the Ecumenical Temple.
  3206 | D:4      | You fall through a shaft for 2 floors!
  3213 | D:5      | Entered Level 5 of the Dungeon
  3242 | D:5      | Found Ycihy's Magic Scroll Shop.
  3249 | D:5      | Bought a scroll of teleportation for 39 gold pieces
  3249 | D:5      | Bought a scroll of teleportation for 39 gold pieces
  3249 | D:5      | Bought a scroll of teleportation for 39 gold pieces
  3380 | Temple   | Entered the Ecumenical Temple
  3388 | Temple   | Became a worshipper of Warmaster Okawaru
  3754 | D:5      | Noticed an ice beast
  3787 | D:5      | Killed an ice beast
  3787 | D:5      | Reached XP level 7. HP: 30/41 MP: 7/7
  3901 | D:5      | Reached skill level 1 in Dodging
  4039 | D:5      | Reached * piety under Okawaru
  4332 | D:5      | Found a sacrificial altar of Ru.
  4717 | D:6      | Noticed Sigmund
  4737 | D:6      | Killed Sigmund
  4737 | D:6      | Reached XP level 8. HP: 33/46 MP: 8/8
  4890 | D:6      | Found an ornate altar of the Wu Jian Council.
  4905 | D:6      | Reached ** piety under Okawaru
  5698 | D:6      | Reached XP level 9. HP: 34/51 MP: 9/9
  5983 | D:6      | Noticed Grinder
  6026 | D:6      | Killed Grinder
  6026 | D:6      | Reached skill level 10 in Dodging
  6866 | D:7      | Reached skill level 10 in Short Blades
  6877 | D:7      | Found an opulent altar of Gozag.
  6932 | D:7      | Found a shimmering altar of Xom.
  6934 | D:7      | Found a shimmering altar of Xom.
  6936 | D:7      | Found a shimmering altar of Xom.
  6937 | D:7      | Found a shimmering altar of Xom.
  6938 | D:7      | Found a shimmering altar of Xom.
  6938 | D:7      | Found a shimmering altar of Xom.
  6940 | D:7      | Found a shimmering altar of Xom.
  7192 | D:7      | Found an ornate altar of the Wu Jian Council.
  7305 | D:7      | Reached skill level 4 in Fighting
  7418 | D:7      | Reached *** piety under Okawaru
  7457 | D:7      | Reached skill level 5 in Fighting
  7835 | D:8      | Reached skill level 6 in Fighting
  7858 | D:8      | Got a transparent wooden ring
  7859 | D:8      | Identified the ring of Imuish {+Blink rC+ Str+2} (You found
                  | it on level 8 of the Dungeon)
  7862 | D:8      | Found a basalt altar of Yredelemnul.
  8076 | D:8      | Reached XP level 10. HP: 61/61 MP: 10/10
  8158 | D:8      | Reached skill level 7 in Fighting
  8366 | D:8      | Reached skill level 8 in Fighting
  8585 | D:9      | Noticed a two-headed ogre
  8594 | D:9      | Killed a two-headed ogre
  8594 | D:9      | Reached **** piety under Okawaru
  8594 | D:9      | Reached skill level 9 in Fighting
  8867 | D:9      | Found a blossoming altar of Fedhas.
  8875 | D:9      | Reached skill level 10 in Fighting
  9110 | D:9      | Found a shattered altar of Ashenzari.
  9385 | D:9      | Found a radiant altar of Vehumet.
  9735 | D:9      | Reached skill level 11 in Fighting
 10058 | D:9      | Reached XP level 11. HP: 70/74 MP: 11/11
 10270 | D:9      | Found a staircase to the Orcish Mines.
 10436 | D:10     | Entered Level 10 of the Dungeon
 10436 | D:10     | Noticed Snorg
 10458 | D:9      | Killed Snorg
 10458 | D:9      | Reached ***** piety under Okawaru
 10458 | D:9      | Reached skill level 12 in Fighting
 10572 | D:10     | Noticed a death yak
 10591 | D:10     | Noticed a death yak
 10595 | D:10     | Noticed a death yak
 10596 | D:10     | Killed a death yak
 10596 | D:10     | Received a gift from Okawaru
 11048 | D:10     | Found a staircase to the Lair.
 11412 | D:10     | Killed a death yak
 11433 | D:10     | Killed a death yak
 11540 | D:10     | Noticed Grum
 11591 | D:10     | Killed Grum
 11591 | D:10     | Reached skill level 1 in Invocations
 11795 | D:10     | Found a portal to a secret trove of treasure.
 11866 | D:10     | Reached XP level 12. HP: 82/82 MP: 12/14
 11950 | D:10     | Noticed Joseph
 11992 | D:10     | Killed Joseph
 12048 | D:10     | Reached skill level 5 in Invocations
 12875 | D:10     | Got a warped ring mail
 13004 | Lair:1   | Entered Level 1 of the Lair of Beasts
 13025 | Lair:1   | Found a frozen archway.
 13144 | Lair:1   | Received a gift from Okawaru
 13154 | IceCv    | Entered an ice cave
 13289 | IceCv    | Killed a reaper
 14460 | IceCv    | Identified the +2 ring mail of Ranuez {Str+4} (You found it
                  | on level 10 of the Dungeon)
 16243 | Lair:1   | Reached skill level 5 in Shields
 16250 | Lair:1   | Received a gift from Okawaru
 16520 | Lair:1   | Reached XP level 13. HP: 87/87 MP: 19/19
 16614 | Lair:2   | Reached skill level 1 in Armour
 16864 | Lair:2   | Found a staircase to the Shoals.
 17735 | Lair:3   | Reached skill level 5 in Armour
 17876 | Lair:3   | Found a staircase to the Snake Pit.
 17883 | Lair:3   | Received a gift from Okawaru
 18345 | Lair:4   | Noticed a seven-headed hydra
 18349 | Lair:4   | Noticed a seven-headed hydra
 18376 | Lair:4   | Killed a seven-headed hydra
 19093 | Lair:4   | Reached ****** piety under Okawaru
 19178 | Lair:4   | Got a wavering lead ring
 19208 | Lair:4   | Noticed a five-headed hydra
 19227 | Lair:4   | Killed a five-headed hydra
 19805 | Lair:5   | Identified the ring "Gempyud" {MR+ Str+5 Int+7 Dex-3} (You
                  | found it on level 4 of the Lair of Beasts)
 19888 | Lair:5   | Found a viscous altar of Jiyva.
 19891 | Lair:5   | Found a staircase to the Slime Pits.
 20384 | Lair:6   | Entered Level 6 of the Lair of Beasts
 20439 | Lair:5   | Reached skill level 13 in Fighting
 20439 | Lair:5   | Reached XP level 14. HP: 85/94 MP: 20/20
 20492 | Lair:5   | Received a gift from Okawaru
 20924 | Lair:6   | Reached skill level 5 in Long Blades
 21448 | Lair:6   | Noticed an entropy weaver
 21938 | Lair:5   | Received a gift from Okawaru
 21946 | Lair:5   | Got a dazzling shield {god gift}
 22060 | Lair:5   | Identified the +3 shield of the Trilobite {Str-3 Dex+6}
                  | (Okawaru gifted it to you on level 5 of the Lair of Beasts)
 22198 | Lair:6   | Reached skill level 1 in Evocations
 23117 | Lair:5   | Killed an entropy weaver
 23117 | Lair:5   | Reached skill level 5 in Evocations
 23724 | Lair:6   | Noticed an entropy weaver
 23729 | Lair:6   | Reached XP level 15. HP: 94/99 MP: 21/21
 24158 | Lair:5   | Received a gift from Okawaru
 24527 | Lair:6   | Reached skill level 14 in Fighting
 24841 | Lair:6   | Got a pitted great sword
 25257 | Orc:1    | Entered Level 1 of the Orcish Mines
 25257 | Orc:1    | Found Seujomih's Jewellery Shoppe.
 25424 | Orc:2    | Entered Level 2 of the Orcish Mines
 25902 | Orc:2    | Found Qeobri Qocoa's Gadget Shop.
 26007 | Orc:2    | Received a gift from Okawaru
 26261 | Orc:2    | Reached skill level 10 in Long Blades
 26453 | Orc:2    | Found Jefet's Antique Armour Shoppe.
 26453 | Orc:2    | Found Oguoc's Armour Shop.
 26453 | Orc:2    | Found Suddiz's Gadget Emporium.
 26477 | Orc:2    | Bought a crude leather armour for 182 gold pieces
 26487 | Orc:2    | Identified the +4 leather armour of Wu Jian's Hope {rElec
                  | rPois Int-2} (You bought it in a shop on level 2 of the
                  | Orcish Mines)
 26541 | Orc:2    | Found a runed door.
 26552 | Orc:2    | Found the +10 large shield of Ignorance {rN+ Int-4}
 26619 | Orc:2    | Found a runed door.
 26916 | Orc:2    | Found a staircase to the Elven Halls.
 27288 | D:11     | Identified the cursed +1 great sword of Sett {slice, *Slow
                  | rC- Int+9 Dex+6} (You found it on level 6 of the Lair of
                  | Beasts)
 27414 | D:11     | Reached XP level 16. HP: 71/106 MP: 22/22
 27840 | D:11     | Got a polished whip
 29115 | D:12     | Received a gift from Okawaru
 29611 | D:12     | Noticed Nergalle
 29637 | D:12     | Killed Nergalle
 30278 | D:12     | Received a gift from Okawaru
 30401 | D:13     | Got a scorched mace
 31245 | D:14     | Found a gate to the Vaults.
 31819 | D:14     | Found a flagged portal.
 31828 | Bailey   | Entered a bailey
 32223 | Bailey   | Reached XP level 17. HP: 64/111 MP: 23/23
 32237 | Bailey   | Got a ripped robe
 32540 | D:10     | You paid a toll of a +5 demon trident to enter a treasure
                  | trove
 32541 | Trove    | Entered a treasure trove
 32547 | Trove    | Found the +3 robe of Clouds {+Thunder rCloud rElec}
 32556 | Trove    | Got an ancient quick blade
 32562 | Trove    | Got a faintly glowing short sword
 32594 | D:10     | Identified the +4 robe of Mezcal {MP+9} (You found it in a
                  | bailey)
 32644 | D:10     | Identified the +5 quick blade of the Sage {freeze, -Tele
                  | +Rage rPois Str+2} (You found it in a treasure trove)
 32646 | D:10     | Identified the +5 short sword of Death's Door {freeze,
                  | *Noise *Drain +Fly rN+++} (You found it in a treasure
                  | trove)
 32650 | D:10     | Identified a scroll of acquirement
 32793 | Snake:1  | Entered Level 1 of the Snake Pit
 32936 | Snake:1  | Noticed Azrael
 33511 | Lair:3   | Killed Azrael
 33922 | Snake:1  | Received a gift from Okawaru
 33925 | Snake:1  | Reached skill level 15 in Dodging
 34483 | Orc:2    | Bought a runed crystal plate armour for 2158 gold pieces
 34659 | D:5      | Bought a scroll of brand weapon for 260 gold pieces
 34659 | D:5      | Bought a scroll of enchant armour for 97 gold pieces
 34659 | D:5      | Bought 3 scrolls of teleportation for 117 gold pieces
 34659 | D:5      | Bought a scroll of magic mapping for 45 gold pieces
 34825 | Elf:1    | Entered Level 1 of the Elven Halls
 34844 | Elf:1    | HP: 1/111 [deep elf mage/bolt of magma (12)]
 35277 | Elf:1    | Got an ancient silver ring
 35279 | Elf:1    | Identified the ring "Luvo" {rN+ Stlth+} (You acquired it on
                  | level 1 of the Elven Halls)
 35291 | Elf:1    | Found a radiant altar of Vehumet.
 35329 | Elf:1    | Reached XP level 18. HP: 53/116 MP: 24/24
 35344 | Elf:1    | HP: 5/116 [poisoned by a +2 halberd of venom]
 35853 | Orc:1    | Bought a +5 ring of evasion for 715 gold pieces
 35853 | Orc:1    | Bought an uncursed ring of poison resistance for 260 gold
                  | pieces
 36490 | Snake:1  | Found Titomylif's Weapon Shoppe.
 37364 | Snake:1  | Identified the +0 shield of the Leaf {MR- Regen+ Dex+6}
 37364 | Snake:1  | Noticed Asterion
 37376 | Snake:1  | Killed Asterion
 39013 | Snake:2  | Gained mutation: You occasionally shout uncontrollably at
                  | your foes. [potion of mutation]
 39013 | Snake:2  | Gained mutation: Your muscles are strong. (Str +2) [potion
                  | of mutation]
 39013 | Snake:2  | Gained mutation: Your flesh is heat resistant. (rF+)
                  | [potion of mutation]
 39435 | Snake:3  | Received a gift from Okawaru
 39645 | Snake:3  | Reached skill level 10 in Armour
 39932 | Snake:3  | Found a runed gate.
 39933 | Snake:3  | Found a runed gate.
 39934 | Snake:3  | Found a runed gate.
 39936 | Snake:3  | Noticed Potteusyxu's ghost (adept MiBe)
 39937 | Snake:3  | Noticed Ukkirph's ghost (journeyman FeAr)
 40121 | Snake:3  | Received a gift from Okawaru
 40853 | Snake:3  | Killed Potteusyxu's ghost
 40962 | Snake:3  | Killed Ukkirph's ghost
 41252 | Snake:4  | Entered Level 4 of the Snake Pit
 41449 | Snake:3  | Received a gift from Okawaru
 41456 | Snake:3  | Got a smoking buckler {god gift}
 41467 | Snake:3  | Identified the +2 buckler of the Heavens {+Fly rElec rPois
                  | MR+} (Okawaru gifted it to you on level 3 of the Snake Pit)
 42086 | Snake:4  | Found Pafev's Antique Armour Boutique.
 42095 | Snake:4  | Bought a pair of runed gloves for 180 gold pieces
 42622 | Snake:4  | Reached XP level 19. HP: 102/121 MP: 25/25
 43627 | Snake:4  | Received a gift from Okawaru
 43762 | Snake:4  | Got a serpentine rune of Zot
 43947 | Shoals:1 | Entered Level 1 of the Shoals
 44534 | D:14     | Reached skill level 10 in Invocations
 44559 | D:14     | Noticed Nr616's ghost (journeyman MiBe)
 44600 | D:14     | Found a runed gate.
 44600 | D:14     | Found a runed gate.
 44600 | D:14     | Found a runed gate.
 45092 | D:14     | Killed Nr616's ghost
 45336 | D:15     | Entered Level 15 of the Dungeon
 45611 | D:15     | Reached XP level 20. HP: 126/127 MP: 27/27
 45633 | D:15     | Found a staircase to the Depths.
 45953 | D:15     | Found a burning altar of Makhleb.
 46113 | Vaults:1 | Entered Level 1 of the Vaults
 46472 | Vaults:1 | Got a creamy pearl robe
 46509 | Vaults:1 | Got a jewelled war axe
 46766 | Vaults:1 | Gained mutation: Your spells are a little easier to cast,
                  | but a little less powerful. [a cacodemon]
 46766 | Vaults:1 | Gained mutation: You sometimes yell uncontrollably at your
                  | foes. [a cacodemon]
 46780 | Vaults:1 | Gained mutation: You can translocate small distances at
                  | will. [a cacodemon]
 46786 | Vaults:1 | Received a gift from Okawaru
 46804 | Vaults:1 | Gained mutation: You are dopey. (Int -2) [a cacodemon]
 46808 | Vaults:1 | Gained mutation: You do not regenerate when monsters are
                  | visible. [a cacodemon]
 46825 | Vaults:1 | Reached XP level 21. HP: 119/132 MP: 23/29
 47243 | Vaults:1 | Found a runed gate.
 47243 | Vaults:1 | Found a runed gate.
 47243 | Vaults:1 | Found a runed gate.
 47505 | Vaults:1 | Found a runed gate.
 47505 | Vaults:1 | Found a runed gate.
 47512 | Vaults:1 | Found a runed gate.
 47528 | Vaults:1 | Noticed DEFE's ghost (adept DrFi)
 47572 | Vaults:1 | Killed DEFE's ghost
 47572 | Vaults:1 | Reached skill level 15 in Armour
 47617 | Vaults:1 | Gained mutation: Armour fits poorly on your strangely
                  | shaped body. [mutagenic glow]
 47649 | Vaults:1 | Gained mutation: You are very dopey. (Int -4) [mutagenic
                  | glow]
 47692 | Vaults:1 | Lost mutation: Your muscles are strong. (Str +2) [potion of
                  | mutation]
 47692 | Vaults:1 | Lost mutation: You are very dopey. (Int -4) [potion of
                  | mutation]
 47692 | Vaults:1 | Lost mutation: You sometimes yell uncontrollably at your
                  | foes. [potion of mutation]
 47692 | Vaults:1 | Gained mutation: Scrolls take you a little longer to read.
                  | [potion of mutation]
 47692 | Vaults:1 | Gained mutation: You are resistant to electric shocks.
                  | (rElec) [potion of mutation]
 47693 | Vaults:1 | Lost mutation: You are dopey. (Int -2) [potion of mutation]
 47693 | Vaults:1 | Lost mutation: You are resistant to electric shocks.
                  | (rElec) [potion of mutation]
 47693 | Vaults:1 | Lost mutation: Scrolls take you a little longer to read.
                  | [potion of mutation]
 47693 | Vaults:1 | Lost mutation: Armour fits poorly on your strangely shaped
                  | body. [potion of mutation]
 47693 | Vaults:1 | Gained mutation: You have a pair of small antennae on your
                  | head. [potion of mutation]
 47699 | Vaults:1 | Gained mutation: Your body sometimes deteriorates upon
                  | taking damage. [mutagenic glow]
 47756 | Vaults:2 | Found a staircase to the Crypt.
 48265 | Vaults:2 | Received a gift from Okawaru
 48579 | Vaults:2 | Received a gift from Okawaru
 48582 | Vaults:2 | Noticed a Brimstone Fiend
 49411 | Vaults:2 | Reached XP level 22. HP: 137/137 MP: 32/32
 49975 | Vaults:3 | Noticed Xtahua
 50030 | Vaults:3 | Killed Xtahua
 50030 | Vaults:3 | Reached skill level 15 in Invocations
 50101 | Vaults:3 | Received a gift from Okawaru
 50986 | Vaults:3 | Got a fine robe
 51053 | Vaults:3 | Received a gift from Okawaru
 52604 | Vaults:4 | Reached XP level 23. HP: 143/143 MP: 35/35
 52627 | Vaults:4 | Lost mutation: You do not regenerate when monsters are
                  | visible. [potion of mutation]
 52627 | Vaults:4 | Lost mutation: Your spells are a little easier to cast, but
                  | a little less powerful. [potion of mutation]
 52627 | Vaults:4 | Lost mutation: You have a pair of small antennae on your
                  | head. [potion of mutation]
 52627 | Vaults:4 | Gained mutation: You possess an exceptional clarity of
                  | mind. [potion of mutation]
 52627 | Vaults:4 | Gained mutation: You are resistant to hostile enchantments.
                  | (MR+) [potion of mutation]
 52628 | Vaults:4 | Lost mutation: Your body sometimes deteriorates upon taking
                  | damage. [potion of mutation]
 52628 | Vaults:4 | Lost mutation: Your flesh is heat resistant. (rF+) [potion
                  | of mutation]
 52628 | Vaults:4 | Gained mutation: You have a pair of small horns on your
                  | head. [potion of mutation]
 52927 | Vaults:4 | Reached skill level 15 in Fighting
 53033 | Vaults:4 | Found Pugraom's Antique Weapon Shop.
 53154 | Vaults:4 | Found Laekalic's Antique Armour Emporium.
 53361 | Vaults:4 | Found Puatular's General Store.
 53369 | Vaults:4 | Bought a scroll of fog for 34 gold pieces
 53369 | Vaults:4 | Bought a potion of agility for 68 gold pieces
 53417 | Vaults:4 | Cast into level 3 of the Abyss (vault warden)
 53417 | Abyss:3  | Found a corrupted altar of Lugonu.
 53433 | Vaults:4 | Escaped the Abyss
 53672 | Vaults:4 | Received a gift from Okawaru
 54066 | Vaults:4 | Found Tusadiy's Gadget Boutique.
 54994 | Shoals:1 | Identified Roxanne's Handbook of Stones
 54994 | Shoals:1 | Noticed Roxanne
 55823 | Shoals:2 | Reached skill level 16 in Fighting
 55975 | Shoals:2 | Found Iggymn's Assorted Antiques.
 55989 | Shoals:2 | Bought a scroll of blinking for 195 gold pieces
 56222 | Shoals:2 | Got a faintly glowing ruby amulet
 56223 | Shoals:2 | Identified the amulet of Lotoowk {Spirit *Contam rPois rF++
                  | rC+} (You acquired it on level 2 of the Shoals)
 57905 | Shoals:3 | Received a gift from Okawaru
 58318 | Shoals:4 | Entered Level 4 of the Shoals
 58421 | Shoals:4 | Identified the +6 hand crossbow "Suerau" {velocity, +Fly
                  | rElec Dex+3}
 58577 | Shoals:4 | Got a barnacled rune of Zot
 58630 | Shoals:4 | Reached XP level 24. HP: 154/154 MP: 35/35
 60036 | Elf:1    | Reached skill level 17 in Fighting
 60212 | Elf:1    | Noticed Nikola
 60243 | Elf:1    | Killed Nikola
 60673 | Elf:2    | Found an ancient bone altar of Kikubaaqudgha.
 60796 | Elf:2    | Found a runed gate.
 60796 | Elf:2    | Found a runed gate.
 60797 | Elf:2    | Found a runed gate.
 60979 | Elf:2    | Reached skill level 10 in Shields
 61202 | Elf:3    | Entered Level 3 of the Elven Halls
 61344 | Elf:3    | Found a gateway to a bazaar.
 61375 | Elf:3    | Found a deep blue altar of Sif Muna.
 61416 | Elf:3    | Got an ancient war axe
 61507 | Elf:3    | Received a gift from Okawaru
 61725 | Elf:3    | Received a gift from Okawaru
 62166 | Elf:3    | Identified the +8 trident "Zaeseh Foi" {drain, rElec Int+4
                  | Dex-2}
 62230 | Elf:3    | Noticed Saint Roka
 62314 | Elf:3    | Identified the +6 mace of Reinforcement {crush, rPois
                  | Str+4}
 62314 | Elf:3    | Identified the +1 robe of Inevitability {Regen+}
 62344 | Elf:3    | Killed Saint Roka
 62346 | Elf:3    | Identified the ring of the Lumpy Stories {+Fly Str+9 Int+6
                  | Dex-4}
 62622 | Elf:3    | Identified the +6 scimitar "Tacrogun" {slice, rF+ Str+4}
 62657 | Elf:3    | Identified the +6 scimitar of Wrongful Imprisonment
                  | {freeze, rF- Str+5}
 62687 | Elf:3    | Reached skill level 18 in Fighting
 62687 | Elf:3    | Reached XP level 25. HP: 138/163 MP: 24/35
 62769 | Elf:3    | Identified the Papyrus of Self-Improvement and the Rocks
 62784 | Elf:3    | Identified the Almanac of Conjuration
 62802 | Elf:3    | Got a scorched cloak
 62803 | Elf:3    | Identified the +0 cloak of Context {SInv} (You found it on
                  | level 3 of the Elven Halls)
 63224 | Vaults:5 | Entered Level 5 of the Vaults
 64107 | Vaults:4 | Received a gift from Okawaru
 64118 | Vaults:4 | Got a pitted dagger {god gift}
 64232 | Vaults:5 | Cast into level 3 of the Abyss (tengu reaver)
 64233 | Abyss:3  | Found a corrupted altar of Lugonu.
 64263 | Abyss:3  | Got a bloodstained ring mail
 64738 | Vaults:5 | Escaped the Abyss
 64756 | Vaults:4 | Reached skill level 19 in Fighting
 65011 | Vaults:5 | Received a gift from Okawaru
 65094 | Vaults:5 | Reached XP level 26. HP: 165/172 MP: 25/35
 65176 | Vaults:5 | Got a silver rune of Zot
 65518 | Vaults:5 | Identified the Volume of Unstable Enchantment
 65524 | Vaults:5 | Identified Bile's Collected Works on Dusty Malediction
 65696 | Vaults:5 | Identified the ring of Sin {-Tele rF+ rC+ Str+5 Dex+2}
 65717 | Vaults:5 | Reached skill level 15 in Shields
 65765 | Vaults:5 | Identified the ring of Gusop {rElec rC- rN+ Int+5}
 65892 | Vaults:5 | Received a gift from Okawaru
 65980 | Vaults:5 | Reached skill level 20 in Fighting
 66862 | Bazaar   | Entered a bazaar
 66862 | Bazaar   | Found Ibauhof's Magic Scroll Shop.
 66862 | Bazaar   | Found Xopinem's Weapon Emporium.
 66862 | Bazaar   | Found Japenood's General Store.
 66862 | Bazaar   | Found Icepp's Distillery.
 66864 | Bazaar   | Found Giobaoh's Weapon Shoppe.
 66866 | Bazaar   | Bought a scroll of enchant armour for 97 gold pieces
 66866 | Bazaar   | Bought a scroll of enchant armour for 97 gold pieces
 66866 | Bazaar   | Bought a scroll of blinking for 97 gold pieces
 66895 | Bazaar   | Bought a potion of heal wounds for 75 gold pieces
 66895 | Bazaar   | Bought a potion of heal wounds for 75 gold pieces
 66895 | Bazaar   | Bought a potion of curing for 45 gold pieces
 66895 | Bazaar   | Bought a potion of curing for 45 gold pieces
 66903 | Bazaar   | Bought a potion of might for 60 gold pieces
 66903 | Bazaar   | Bought a potion of might for 60 gold pieces
 66903 | Bazaar   | Bought a potion of haste for 150 gold pieces
 66903 | Bazaar   | Bought a potion of haste for 150 gold pieces
 66911 | Bazaar   | Bought a scroll of magic mapping for 45 gold pieces
 66911 | Bazaar   | Bought a scroll of magic mapping for 45 gold pieces
 66911 | Bazaar   | Bought a scroll of magic mapping for 45 gold pieces
 67248 | Depths:1 | Entered Level 1 of the Depths
 67248 | Depths:1 | Found a gateway to Hell.
 67449 | Depths:1 | Found Toffam's Book Emporium.
 67741 | Depths:1 | Found a one-way gate leading to the halls of Pandemonium.
 67968 | Depths:1 | Reached XP level 27. HP: 180/180 MP: 35/35
 67989 | Depths:1 | Got a translucent chain mail
 68583 | Depths:2 | Received a gift from Okawaru
 68962 | Depths:2 | Found a sacrificial altar of Ru.
 68963 | Depths:2 | Found an ornate altar of the Wu Jian Council.
 68963 | Depths:2 | Found a sacrificial altar of Ru.
 68963 | Depths:2 | Found a bloodstained altar of Trog.
 69226 | Depths:2 | Found a one-way gate to the infinite horrors of the Abyss.
 69785 | Depths:3 | Paralysed by a sphinx for 4 turns
 70073 | Depths:3 | Received a gift from Okawaru
 70320 | Depths:3 | Found Hyseopu's Gadget Shop.
 70321 | Depths:3 | Found Fuwuli's Jewellery Shoppe.
 70322 | Depths:3 | Found Idwori Pown's Gadget Shop.
 70387 | Depths:3 | Reached skill level 21 in Fighting
 71286 | Depths:4 | Noticed Boris
 71304 | Depths:4 | Killed Boris
 71349 | Depths:4 | Found a gateway to a ziggurat.
 71396 | Depths:4 | Got an ancient copper ring
 71424 | Depths:4 | Identified the ring of Hyrrujos {rElec rC++ rN+ Int+4
                  | Dex-3} (You found it on level 4 of the Depths)
 71759 | Depths:5 | Entered Level 5 of the Depths
 71810 | Depths:5 | Found Kink's Armour Emporium.
 71814 | Depths:5 | Found Jopistis's Distillery.
 71815 | Depths:5 | Found Nugoazof's Jewellery Emporium.
 71826 | Depths:5 | Bought a potion of heal wounds for 65 gold pieces
 71826 | Depths:5 | Bought a potion of curing for 39 gold pieces
 71826 | Depths:5 | Bought 2 potions of heal wounds for 130 gold pieces
 71826 | Depths:5 | Bought a potion of curing for 39 gold pieces
 71826 | Depths:5 | Bought a potion of curing for 39 gold pieces
 71826 | Depths:5 | Bought a potion of might for 52 gold pieces
 71826 | Depths:5 | Bought a potion of haste for 130 gold pieces
 71826 | Depths:5 | Bought a potion of haste for 130 gold pieces
 71826 | Depths:5 | Bought 2 potions of might for 104 gold pieces
 71826 | Depths:5 | Bought 2 potions of haste for 260 gold pieces
 72032 | Depths:5 | Received a gift from Okawaru
 72045 | Depths:5 | Got an iridescent quick blade {god gift}
 72046 | Depths:5 | Identified the +0 quick blade "Gozos" {pierce, Str+4 Int+4
                  | Dex+4 Stlth+} (Okawaru gifted it to you on level 5 of the
                  | Depths)
 72652 | Depths:5 | Received a gift from Okawaru
 72652 | Depths:5 | Reached skill level 22 in Fighting
 72677 | Depths:5 | Found a gate to the Realm of Zot.
 72708 | Depths:5 | Received a gift from Okawaru
 72760 | Depths:5 | Identified a +1 pair of boots of running (Okawaru gifted it
                  | to you on level 5 of the Depths)
 73180 | Zot:1    | Entered Level 1 of the Realm of Zot
 73394 | Zot:1    | Identified the Handbook of Unholy Venom
 74103 | Zot:2    | You fall through a shaft!
 75352 | Zot:3    | Received a gift from Okawaru
 75480 | Zot:3    | Reached skill level 23 in Fighting
 76236 | Zot:4    | HP: 7/188 [quicksilver dragon/bolt of dispelling energy
                  | (15)]
 76256 | Zot:4    | HP: 9/188 [deathcap/drain life[a curse toe] (10)]
 76756 | Zot:4    | Received a gift from Okawaru
 77875 | Zot:5    | Entered Level 5 of the Realm of Zot
 77905 | Zot:5    | Reached skill level 24 in Fighting
 78522 | Zot:5    | Received a gift from Okawaru
 78550 | Zot:5    | Got an iridescent falchion {god gift}
 78593 | Zot:5    | Noticed an ancient lich
 78599 | Zot:5    | Noticed an orb of fire
 78601 | Zot:5    | Noticed an orb of fire
 78606 | Zot:5    | Noticed an orb of fire
 78612 | Zot:5    | Noticed an ancient lich
 78753 | Zot:5    | Gained mutation: Armour fits poorly on your strangely
                  | shaped body. [an orb of fire]
 78756 | Zot:5    | Gained mutation: You sometimes yell uncontrollably at your
                  | foes. [an orb of fire]
 78759 | Zot:5    | Gained mutation: Your body sometimes deteriorates upon
                  | taking damage. [an orb of fire]
 78766 | Zot:5    | Killed an orb of fire
 78768 | Zot:5    | Gained mutation: Your spells are a little easier to cast,
                  | but a little less powerful. [an orb of fire]
 78768 | Zot:5    | Gained mutation: You are clumsy. (Dex -2) [an orb of fire]
 78776 | Zot:4    | Killed an ancient lich
 78788 | Zot:4    | Killed an orb of fire
 78801 | Zot:5    | Killed an orb of fire
 78825 | Zot:5    | Killed an ancient lich
 78825 | Zot:5    | Received a gift from Okawaru
 78828 | Zot:5    | Got a steaming dagger {god gift}
 78866 | Zot:5    | Reached skill level 25 in Fighting
 79082 | Zot:5    | Received a gift from Okawaru
 79352 | Zot:5    | Got the Orb of Zot
 79448 | Zot:4    | Lost mutation: You sometimes yell uncontrollably at your
                  | foes. [potion of mutation]
 79448 | Zot:4    | Lost mutation: You are clumsy. (Dex -2) [potion of
                  | mutation]
 79448 | Zot:4    | Lost mutation: Your body sometimes deteriorates upon taking
                  | damage. [potion of mutation]
 79448 | Zot:4    | Lost mutation: You occasionally shout uncontrollably at
                  | your foes. [potion of mutation]
 79448 | Zot:4    | Gained mutation: You evolve. [potion of mutation]
 79448 | Zot:4    | Lost mutation: Your spells are a little easier to cast, but
                  | a little less powerful. [potion of mutation]
 79448 | Zot:4    | Gained mutation: You expend magic power (3 MP) to
                  | strengthen your wands. [potion of mutation]
 79449 | Zot:4    | Lost mutation: You have a pair of small horns on your head.
                  | [potion of mutation]
 79449 | Zot:4    | Lost mutation: You possess an exceptional clarity of mind.
                  | [potion of mutation]
 79449 | Zot:4    | Lost mutation: You are resistant to hostile enchantments.
                  | (MR+) [potion of mutation]
 79449 | Zot:4    | Lost mutation: Armour fits poorly on your strangely shaped
                  | body. [potion of mutation]
 79449 | Zot:4    | Gained mutation: You are resistant to hostile enchantments.
                  | (MR+) [potion of mutation]
 79449 | Zot:4    | Gained mutation: You are surrounded by a mild repulsion
                  | field. (EV +2) [potion of mutation]
 79646 | Depths:4 | Noticed Ridoim the pandemonium lord
 79688 | Depths:4 | Received a gift from Okawaru
 79745 | Depths:4 | Found the +10 dark maul {crush}
 79746 | Depths:4 | Noticed a juggernaut
 79834 | Depths:4 | Killed a juggernaut
 80044 | D:13     | Gained mutation: You are robust. (+10% HP) [evolution]
 80104 | D:11     | Noticed Quatiyny the pandemonium lord
 80123 | D:11     | Killed Quatiyny the pandemonium lord
 80123 | D:11     | Reached skill level 26 in Fighting
 80206 | D:9      | Gained mutation: Armour fits poorly on your strangely
                  | shaped body. [a cacodemon]
 80376 | D:1      | Lost mutation: You expend magic power (3 MP) to strengthen
                  | your wands. [potion of mutation]
 80376 | D:1      | Lost mutation: You can translocate small distances at will.
                  | [potion of mutation]
 80376 | D:1      | Gained mutation: You are occasionally teleported next to
                  | monsters. [potion of mutation]
 80376 | D:1      | Gained mutation: You are clumsy. (Dex -2) [potion of
                  | mutation]
 80376 | D:1      | Lost mutation: You are robust. (+10% HP) [potion of
                  | mutation]
 80376 | D:1      | Gained mutation: You expend magic power (3 MP) to
                  | strengthen your wands. [potion of mutation]
 80377 | D:1      | Lost mutation: You expend magic power (3 MP) to strengthen
                  | your wands. [potion of mutation]
 80377 | D:1      | Lost mutation: Armour fits poorly on your strangely shaped
                  | body. [potion of mutation]
 80377 | D:1      | Lost mutation: You evolve. [potion of mutation]
 80377 | D:1      | Gained mutation: You have large cloven feet. [potion of
                  | mutation]
 80377 | D:1      | Gained mutation: Your muscles are strong. (Str +2) [potion
                  | of mutation]
 80377 | D:1      | Gained mutation: Armour fits poorly on your strangely
                  | shaped body. [potion of mutation]
 80377 | D:1      | Gained mutation: You passively map a small area around you.
                  | [potion of mutation]
 80378 | D:1      | Lost mutation: You are clumsy. (Dex -2) [potion of
                  | mutation]
 80378 | D:1      | Lost mutation: You passively map a small area around you.
                  | [potion of mutation]
 80378 | D:1      | Lost mutation: You are resistant to hostile enchantments.
                  | (MR+) [potion of mutation]
 80378 | D:1      | Lost mutation: Armour fits poorly on your strangely shaped
                  | body. [potion of mutation]
 80378 | D:1      | Lost mutation: You are surrounded by a mild repulsion
                  | field. (EV +2) [potion of mutation]
 80378 | D:1      | Gained mutation: Scrolls take you a little longer to read.
                  | [potion of mutation]
 80378 | D:1      | Gained mutation: You are partially covered in molten
                  | scales. (AC +2) [potion of mutation]
 80381 | D:$      | Escaped with the Orb!

Vault maps used:
D:1:      minmay_arrival_solitary_statue
D:2:      kiku_gazebo_garden_becter, first_ration, uniq_jessica
D:3:      cheibriados_altar_1, chequers_ecumenical_altar_simple
D:4:      minmay_temple_entry_sparse_star, minmay_misc_feat_x
D:5:      lemuel_doored_altar, serial_shops, shop
D:6:      lemuel_round_altar, uniq_grinder, uniq_sigmund
D:7:      lemuel_coloured_pillars_altar, nicolae_xom_altar_mimics, basic_altar
D:8:      basic_altar
D:9:      kennysheep_mini_moat, vehumet_statue, marbit_many_paths, david_orc_4
D:10:     dpeg_lair_monsters, nicolae_trove_entry_crossroad, uniq_snorg,
          uniq_grum, uniq_joseph
D:11:     the_bakery, centaur_isle
D:12:     statuecave_lemuel, uniq_nergalle
D:14:     lightli_vaults_fourway_checkpoint, maelrawn_ghost_gauntlet_escape,
          enter_bailey_6, minmay_misc_feat_alley, hangedman_decor_growths
D:15:     grunt_enter_depths_snipers, lemuel_altar_in_water
Temple:   cyrus_circular_temple
Lair:1:   portal_ice_cave_entry_ice_beasts, grunt_megastairs_3,
          lemuel_fruit_tree
Lair:2:   elwin_shoals_entry_stream, st_stairs_11, chequers_serial_rivers_room_b
Lair:3:   minmay_snake_entry_guardpost_small, chequers_serial_rivers_micro_b
Lair:4:   eino_house_with_fridge, infiniplex_staircase_pool_2,
          grunt_megastairs_5
Lair:5:   slime_altar_1
Lair:6:   minmay_lair_end_enchanted_forest, special_room, wad_woods_antlair
Shoals:1: uniq_roxanne
Shoals:2: serial_shops, shop
Shoals:3: nicolae_shoals_siren_and_animal_friends
Shoals:4: shoals_end_grunt_ice
Snake:1:  serial_shops, shop, guppyfry_library_mini, serial_bayou_shore_b,
          uniq_azrael, uniq_asterion
Snake:3:  gammafunk_ghost_cemetery
Snake:4:  johnstein_snake_rune_scales, serial_shops, shop
Orc:1:    serial_shops, shop
Orc:2:    st_orc_ogre_mass, nicolae_orc_sculptors_studio,
          chequers_guarded_unrand_ignorance
Elf:1:    eino_elf_arrival_altar, kennysheep_underground_church, uniq_nikola
Elf:2:    lemuel_statue_altar
Elf:3:    minmay_elf_hall_statues, serial_shops, bzr_entry_customers,
          basic_altar, uniq_saint_roka
Vaults:1: ploomutoo_gammafunk_vaults_ghost_potion_laboratory, v_misc_23,
          nicolae_vaults_specimen_jars, v_misc_23, v_pattern_4, v_misc_30,
          nicolae_vaults_yaktaur_gun_rack, ontoclasm_vaults_chip,
          vaults_room_corners
Vaults:2: nicolae_vaults_rhombus_7, vaults_room_pools, vaults_room_door_hall,
          v_pattern_1, hangedman_vaults_pinch, minmay_crypt_entry_simple_round,
          grunt_vaults_hallway_long, nicolae_vaults_diagonal_hallway_9,
          vaults_room_door_hall
Vaults:3: vaults_standard_mumra_x, vaults_mumra_minichess,
          hangedman_vaults_stagger, vaults_room_semicircle,
          hangedman_vaults_restitches, st_more_cells, v_misc_27, v_misc_4,
          grunt_vaults_bifocal, vaults_room_door_ring, vaults_room_pool,
          vaults_room_ringed_pool, nicolae_vaults_asterisk, uniq_xtahua
Vaults:4: v_alt_pattern_3, nicolae_vaults_network_s, v_rooms_1, v_alt_pattern_3,
          v_alt_pattern_3, v_misc_22, vaults_dpeg_ring,
          nicolae_vaults_ring_of_whatevers, ontoclasm_vaults_ring_square,
          nicolae_vaults_mini_display_case, ontoclasm_vaults_eye,
          nicolae_vaults_little_squares_1, serial_shops, shop,
          nicolae_shop_temple_entry_statues_fountains, shop, shop
Depths:1: minmay_spriggan_fort, serial_shops, shop, rand_demon_pan_entry_4,
          hell_entry, minmay_misc_feat_tiny, hangedman_decor_opposing,
          evilmike_butchery
Depths:2: minmay_the_grid_octo_tiled_squarecenter_mashed, hell_entry,
          abyss_entry, kennysheep_cross_room
Depths:3: cross_vault, pan_entry, grunt_hell_entry_dis_mu,
          minmay_room_of_horrors, grunt_megastairs_2, minmay_shop_grove,
          minmay_staircase_windowed_small
Depths:4: minmay_connected_triangles_in_corner, enter_ziggurat_e,
          solitary_fountain, abyss_entry, grunt_hell_horde, minivault_1,
          infiniplex_staircase_zigzag_3, uniq_boris
Depths:5: evilmike_zot_entry_round, hell_entry, pan_entry, minmay_shop_star
Zot:2:    grunt_megastairs_4
Zot:3:    st_stairs_3
Zot:4:    zot_minivault_6
Zot:5:    grunt_ministairs_14, skrybe_zot_glass_3, uniq_tiamat
Abyss:3:  guppyfry_abyss_exit_glass_guarded, evilmike_abyss_exit_kraken,
          minivault_28
Abyss:4:  minivault_28, dshaligram_kb_abyss_rune_zappy_water_cross
Bazaar:   bazaar_minmay_generic_island
Trove:    trove_simple
Bailey:   bailey_axe_minmay_hex_keep, bailey
IceCv:    ice_cave_small_demon

Skill      XL: |  1  2  3  4  5  6  7  8  9 10 11 12 13 14 15 16 17 18 19 20 21 22 23 24 25 26 27 |
---------------+----------------------------------------------------------------------------------+-----
Short Blades   | 2 4 5 6 8 10 14 | 14.0
Dodging        | 6 9 10 13 14 15 22 | 22.0
Fighting       | 6 11 12 13 14 16 18 19 20 26 | 26.0
Invocations    | 2 8 10 11 14 16 | 16.0
Shields        | 5 7 11 14 16 | 16.0
Armour         | 5 6 7 12 14 15 17 20 | 20.8
Long Blades    | 7 10 12 | 12.9
Evocations     | 5 |  5.3
Stealth        | |  4.0

Action                   |  1- 3 |  4- 6 |  7- 9 | 10-12 | 13-15 | 16-18 | 19-21 | 22-24 | 25-27 || total
-------------------------+-------+-------+-------+-------+-------+-------+-------+-------+-------++-------
Melee: Falchion          |    10 |       |    14 |   187 |       |       |       |       |       ||   211
       Short sword       |    77 |   128 |   256 |  1115 |   849 |    34 |       |       |       ||  2459
       Rapier            |       |       |    63 |       |       |       |       |       |       ||    63
       Dagger            |       |       |   247 |     3 |       |       |       |       |       ||   250
       Punch             |       |       |     1 |    12 |       |       |       |       |       ||    13
       Demon blade       |       |       |       |       |   952 |  2168 |  2084 |  3217 |  5142 || 13563
       Headbutt          |       |       |       |       |       |       |       |   690 |  2269 ||  2959
Throw: Throwing net      |       |       |       |       |       |       |       |     1 |       ||     1
Invok: Heroism           |       |       |     8 |    19 |    11 |    19 |    11 |    19 |    31 ||   118
       Finesse           |       |       |       |       |     2 |     8 |     5 |     4 |    13 ||    32
 Abil: Evoke Berserk Rag |       |       |       |    11 |     8 |    14 |       |       |       ||    33
       Evoke Thunderclou |       |       |       |       |       |     1 |       |       |       ||     1
       Stop Flying       |       |       |       |       |       |       |       |       |     1 ||     1
       Evoke Flight      |       |       |       |       |       |       |       |       |     1 ||     1
Evoke: Wand              |       |       |       |     4 |     1 |       |       |       |       ||     5
       Lamp of fire      |       |       |       |       |       |     3 |       |     3 |     2 ||     8
  Use: Scroll            |       |     4 |     4 |     9 |    12 |    29 |     6 |    20 |    18 ||   102
       Potion            |       |     1 |     2 |       |     4 |    12 |     6 |     4 |    21 ||    50
 Stab: Sleeping          |     2 |    10 |     2 |     9 |     8 |     4 |       |       |     5 ||    40
       Distracted        |       |     1 |     3 |     2 |       |     1 |       |       |     2 ||     9
       Invisible         |       |       |       |       |       |       |       |     3 |       ||     3
       Confused          |       |       |       |       |       |       |       |       |     6 ||     6
  Eat: Chunk             |     7 |    10 |    13 |    31 |    45 |    42 |    30 |    41 |    60 ||   279
       Ration            |       |       |       |     4 |       |    12 |       |     3 |     2 ||    21
Armor: Robe              |    14 |     8 |       |       |       |       |       |       |       ||    22
       Ring mail         |       |    20 |    14 |    16 |   272 |       |       |       |       ||   322
       Leather armour    |       |       |    53 |   100 |    13 |   134 |       |       |       ||   300
       Skin              |       |       |     2 |       |       |       |       |       |       ||     2
       Crystal plate arm |       |       |       |       |       |   436 |   820 |  1373 |   898 ||  3527
       Pearl dragon scal |       |       |       |       |       |       |       |       |   666 ||   666
Dodge: Dodged            |    61 |    58 |   320 |   905 |  1519 |  1153 |   940 |  1494 |  4098 || 10548
Block: Buckler           |       |       |       |    55 |   564 |   591 |   666 |  1185 |   937 ||  3998
       Shield            |       |       |       |       |       |       |       |       |  2453 ||  2453
       Rpst.: Falchion   |     2 |       |     5 |    42 |       |       |       |       |       ||    49
       Demon blade       |       |       |       |       |   233 |   272 |   204 |   343 |   722 ||  1774

Table legend:
 A = Non-vault XP
 B = Vault XP
 C = Vault XP percentage of total XP
 D = Non-vault monster count
 E = Vault monster count
 F = Vault count percentage of total count
                 A         B        C        D         E       F
            +---------+---------+-------+---------+---------+-------
      Total |  860415 |  697563 |  44.8 |    1544 |     833 |  35.0
            +---------+---------+-------+---------+---------+-------
        D:1 |      29 |       0 |   0.0 |      17 |       0 |   0.0
        D:2 |      68 |      37 |  35.2 |      21 |       1 |   4.5
        D:3 |      59 |       0 |   0.0 |      18 |       0 |   0.0
        D:4 |     208 |       0 |   0.0 |      10 |       0 |   0.0
        D:5 |     533 |       0 |   0.0 |      13 |       0 |   0.0
        D:6 |    1269 |     517 |  28.9 |      24 |       2 |   7.7
        D:7 |     766 |       0 |   0.0 |      26 |       0 |   0.0
        D:8 |    1133 |       0 |   0.0 |      33 |       0 |   0.0
        D:9 |    3236 |    1848 |  36.3 |      29 |      19 |  39.6
       D:10 |    4637 |    4457 |  49.0 |      37 |      12 |  24.5
       D:11 |    6173 |     896 |  12.7 |      49 |       7 |  12.5
       D:12 |    8886 |    1243 |  12.3 |      41 |       2 |   4.7
       D:13 |    6317 |     991 |  13.6 |      31 |       1 |   3.1
       D:14 |    8159 |   10519 |  56.3 |      37 |      18 |  32.7
       D:15 |    5176 |    2296 |  30.7 |      19 |       3 |  13.6
     Lair:1 |    3601 |    1043 |  22.5 |      17 |       8 |  32.0
     Lair:2 |    3207 |    2361 |  42.4 |      17 |       6 |  26.1
     Lair:3 |    1164 |    2237 |  65.8 |       3 |       7 |  70.0
     Lair:4 |    8023 |    1213 |  13.1 |      23 |      14 |  37.8
     Lair:5 |    7776 |    5453 |  41.2 |      34 |      13 |  27.7
     Lair:6 |   13037 |   14271 |  52.3 |      50 |      69 |  58.0
   Shoals:1 |    5457 |       0 |   0.0 |      13 |       0 |   0.0
   Shoals:2 |   13581 |       0 |   0.0 |      30 |       0 |   0.0
   Shoals:3 |   18043 |    4703 |  20.7 |      29 |      10 |  25.6
   Shoals:4 |   14569 |   19284 |  57.0 |      30 |      28 |  48.3
    Snake:1 |   15128 |    6051 |  28.6 |      30 |      15 |  33.3
    Snake:2 |    6150 |       0 |   0.0 |      15 |       0 |   0.0
    Snake:3 |   16158 |    3925 |  19.5 |      33 |       2 |   5.7
    Snake:4 |   10796 |   42028 |  79.6 |      21 |      63 |  75.0
      Orc:1 |    1672 |     234 |  12.3 |      18 |       2 |  10.0
      Orc:2 |    3257 |   19232 |  85.5 |      36 |      40 |  52.6
      Elf:1 |   15344 |   12836 |  45.6 |      30 |      14 |  31.8
      Elf:2 |   10045 |    1799 |  15.2 |      17 |       2 |  10.5
      Elf:3 |   19993 |   47644 |  70.4 |      34 |      43 |  55.8
   Vaults:1 |   15361 |   34486 |  69.2 |      26 |      36 |  58.1
   Vaults:2 |   47368 |    9500 |  16.7 |      75 |      16 |  17.6
   Vaults:3 |   61649 |   24120 |  28.1 |      88 |      26 |  22.8
   Vaults:4 |   56532 |   55739 |  49.6 |      77 |      54 |  41.2
   Vaults:5 |   33403 |   91978 |  73.4 |      53 |      60 |  53.1
   Depths:1 |   26629 |   10605 |  28.5 |      35 |      26 |  42.6
   Depths:2 |   37404 |   13688 |  26.8 |      48 |      15 |  23.8
   Depths:3 |   23599 |   20387 |  46.3 |      31 |      20 |  39.2
   Depths:4 |   21760 |   36444 |  62.6 |      24 |      23 |  48.9
   Depths:5 |   74678 |   22759 |  23.4 |      51 |      11 |  17.7
      Zot:1 |   33501 |       0 |   0.0 |      21 |       0 |   0.0
      Zot:2 |   20628 |    7540 |  26.8 |      13 |       2 |  13.3
      Zot:3 |   50811 |    9159 |  15.3 |      27 |       4 |  12.9
      Zot:4 |   49960 |   43242 |  46.4 |      24 |      14 |  36.8
      Zot:5 |   49651 |  103204 |  67.5 |      34 |      32 |  48.5
    Abyss:3 |   17878 |       0 |   0.0 |      21 |       0 |   0.0
    Abyss:4 |    5953 |     290 |   4.6 |      11 |       2 |  15.4
     Bailey |       0 |    4315 | 100.0 |       0 |      69 | 100.0
      IceCv |       0 |    2989 | 100.0 |       0 |      22 | 100.0
            +---------+---------+-------+---------+---------+-------
